 Dungeon Crawl Stone Soup version 0.30.1-11-g7821555f0a (webtiles) character file.

Game seed: 14018471556350320406

2213 Gumption the Covert (level 9, -2/39 HPs)
             Began as a Spriggan Enchanter on Nov 13, 2023.
             Was a Believer of Dithmenos.
             Killed from afar by a steam dragon (28 damage)
             ... with a ball of steam
             ... on level 6 of the Dungeon.
             The game lasted 00:53:43 (8319 turns).

Gumption the Covert (Spriggan Enchanter)            Turns: 8319, Time: 00:53:44

Health: -2/39      AC:  5    Str:  4    XL:     9   Next: 13%
Magic:  17/17      EV: 17    Int: 21    God:    Dithmenos [**....]
Gold:   509        SH:  0    Dex: 15    Spells: 5/18 levels left

rFire   x . .        a - +1 dagger
rCold   + . .        (no shield)
rNeg    + . .        v - +1 robe {rN+}
rPois   .            (helmet restricted)
rElec   .            m - +1 cloak
rCorr   .            (gloves unavailable)
SInv    +            (boots unavailable)
Will    +....        B - amulet of magic regeneration
Stlth   ++++++       t - ring of ice
HPRegen 0.26/turn    (no ring)
MPRegen 0.55/turn

%: no passive effects
@: wreathed by umbra, very quick
A: very small, no large weapons, unfitting armour, see invisible, speed 3
a: Renounce Religion, Shadow Step


You were on level 6 of the Dungeon.
You worshipped Dithmenos.
Dithmenos was pleased with you.
You visited 2 branches of the dungeon, and saw 7 of its levels.
You also visited: Ossuary.

You collected 509 gold pieces.

Inventory:

Hand Weapons
 a - a +1 dagger (weapon)
Armour
 i - a scarf of repulsion
 m - a +1 cloak (worn)
 v - a +1 robe of positive energy (worn)
Jewellery
 t - a ring of ice (left hand)
 B - an amulet of magic regeneration (around neck)
 D - a ring of positive energy
Wands
 u - a wand of digging (5)
Scrolls
 d - 2 scrolls of teleportation
 f - a scroll of silence
 j - a scroll of butterflies {unknown}
 k - 2 scrolls of enchant armour
 o - 2 scrolls of magic mapping {unknown}
 p - 3 scrolls of poison {unknown}
 q - 2 scrolls of vulnerability {unknown}
 s - a scroll of noise
 y - 2 scrolls of identify
 A - a scroll of immolation {unknown}
 C - a scroll of amnesia {unknown}
Potions
 b - 4 potions of lignification {unknown}
 c - 2 potions of invisibility
 e - 3 potions of attraction
 g - 5 potions of curing
 h - a potion of cancellation {unknown}
 l - 3 potions of degeneration {unknown}
 n - 2 potions of haste {unknown}
 r - 3 potions of heal wounds {unknown}
 w - a potion of mutation {unknown}
 x - 4 potions of might {unknown}
 z - 2 potions of brilliance {unknown}


   Skills:
 + Level 3.9 Short Blades
 - Level 2.6 Dodging
 + Level 10.3 Stealth
 - Level 5.0 Spellcasting
 - Level 3.0 Conjurations
 + Level 8.7 Hexes
 - Level 4.0 Translocations
 - Level 3.0 Ice Magic


You had 5 spell levels left.
You knew the following spells:

 Your Spells              Type           Power      Damage    Failure   Level
a - Ensorcelled Hibernat  Hex/Ice        88%        N/A       1%          2
b - Confusing Touch       Hex            42%        N/A       1%          3
c - Dazzling Flash        Conj/Hex       58%        N/A       3%          3
d - Tukima's Dance        Hex            42%        N/A       1%          3
e - Blink                 Tloc           44%        N/A       3%          2

Your spell library contained the following spells:

 Spells                   Type           Power      Damage    Failure   Level
 Lesser Beckoning         Tloc           44%        N/A       3%          2
 Momentum Strike          Conj/Tloc      38%        3d9       3%          2
 Beastly Appendage        Tmut           10%        N/A       11%         1
 Vhi's Electric Charge    Tloc/Air       26%        N/A       14%         3
 Wereblood                Tmut           5%         N/A       16%         2
 Spider Form              Tmut/Pois      5%         N/A       32%         3
 Arcjolt                  Conj/Air       5%         1d15      85%         5
 Plasma Beam              Fire/Air       2%         2x1d14    100%        6


Dungeon Overview and Level Annotations

Branches:
Dungeon (6/15)             Temple (1/1) D:4         Ossuary (visited)

Altars:
Cheibriados
Dithmenos
Elyvilon
Gozag
Makhleb
Nemelex Xobeh
Okawaru
Qazlal
Ru
Trog
Uskayaw
Vehumet
Wu Jian
Yredelemnul
Zin
The Shining One


Innate Abilities, Weirdness & Mutations

You are very small and have problems with some larger weapons.
You are too small for most types of armour.
You have supernaturally acute eyesight. (SInv)
You cover ground extremely quickly. (Speed+++)


Message History

Found a stone staircase leading down.
Found 3 poisoned darts and a pink potion.
The helpless bullfrog fails to defend itself.
You spit the bullfrog like a pig!!!
You kill the bullfrog!
Dithmenos accepts your kill.
The helpless jelly fails to defend itself.
You perforate the jelly like a sieve!!!
You kill the jelly!
Dithmenos accepts your kill.
Found 23 gold pieces.
Found a stone staircase leading down.
You now have 509 gold pieces (gained 23).
Found a scroll labelled PINKEN RYSU.
Found a ring mail and a tubular peridot ring.
C - a scroll labelled PINKEN RYSU
D - a ring of positive energy You open the large door.
Found a hide-covered altar of Uskayaw and a stormy altar of Qazlal.
There is a large open door here.
There is a stormy altar of Qazlal here.
There is a hide-covered altar of Uskayaw here.
There is a large open door here.
An orc comes into view. It is wielding a +0 hand axe.
The orc shouts!
The white imp shouts!
The orc shouts!
You hear an angry hiss.
The orc shouts!
You hear a shout!
Casting: Confusing Touch (safe; 1% risk of failure)
Confirm with . or Enter, or press ? or * to list all spells.
Aiming: Ensorcelled Hibernation (safe; 1% risk of failure)
Press: ? - help, Shift-Dir - straight line, f - orc
Aim: an orc, wielding a +0 hand axe (umbra, chance to affect: 82%)
You feel a surge of power!
The orc looks drowsy...
The steam dragon breathes steam at you.
The ball of steam hits the orc!
The orc dies!
The ball of steam hits you! The steam scalds you terribly!
The steam dragon breathes steam at you. The ball of steam hits you!!
The steam scalds you terribly!
Ouch! That really hurt!
You die...

.# ............## .## .
............# ..# ..
....[......# #.# ...
..........##### #.......o
..##..........## .#.......
...............##
."#..(..o.##########..........#
#........ooD..§§.###..........#
#........5######@.............#
#.##..... ###............#
........# ###.##.........#
...#..# #...###....#...# #.!..#
#.####.....##..# .....#### #.#
#.....##''## (#......##### #.#
#.....##..8# ..#..##.....# #.#
#.....##__## ..#...#####.####.#
#......#⌠⌠#


There were no monsters in sight!

Vanquished Creatures
  Pikel (D:4)
  Grinder (D:4)
  Sigmund (D:5)
  A black bear (D:5)
  An ice beast (D:6)
  An ogre (D:3)
  A lemure (D:4)
  A phantom (D:5)
  3 bullfrogs
  A scorpion (D:6)
  A howler monkey (D:3)
  3 orc priests
  3 jellies
  An iron imp (D:3)
  2 sleepcaps
  3 iguanas
  8 mummies (Ossuary)
  15 gnolls
  7 adders
  3 ufetubi (D:5)
  An adder zombie (D:4)
  2 dart slugs
  20 orcs
  7 endoplasms
  2 giant cockroaches
  2 gnoll zombies (Ossuary)
  5 goblins
  9 hobgoblins
  7 jackals
  5 kobolds
  A quokka (D:4)
  5 ball pythons
  9 bats
  2 frilled lizards
  2 hobgoblin zombies (Ossuary)
  2 kobold zombies (Ossuary)
  2 orc zombies (Ossuary)
  A quokka zombie (D:4)
  4 rats
146 creatures vanquished.

Vanquished Creatures (collateral kills)
  An orc (D:3)
1 creature vanquished.

Vanquished Creatures (others)
  An orc (D:6)
1 creature vanquished.

Grand Total: 148 creatures vanquished

Notes
Turn   | Place    | Note
-------+----------+-------------------------------------------
     0 | D:1      | Gumption the Spriggan Enchanter began the quest for the
                  | Orb.
     0 | D:1      | Reached XP level 1. HP: 9/9 MP: 5/5
   215 | D:1      | Reached XP level 2. HP: 13/13 MP: 6/6
   248 | D:1      | Learned a level 2 spell: Ensorcelled Hibernation
   657 | D:1      | Reached skill level 5 in Stealth
   657 | D:1      | Reached XP level 3. HP: 16/16 MP: 8/8
   661 | D:1      | Learned a level 3 spell: Confusing Touch
   665 | D:1      | Learned a level 3 spell: Dazzling Flash
  1968 | D:3      | Reached XP level 4. HP: 21/21 MP: 10/10
  2502 | D:3      | Reached skill level 5 in Hexes
  2971 | D:3      | Reached skill level 1 in Ice Magic
  3029 | D:3      | Reached XP level 5. HP: 18/24 MP: 3/11
  3346 | D:3      | Noticed an ogre
  3677 | D:3      | Killed an ogre
  3678 | D:3      | Reached skill level 6 in Stealth
  3819 | D:3      | Reached XP level 6. HP: 28/28 MP: 8/13
  3971 | D:3      | Learned a level 3 spell: Tukima's Dance
  3992 | D:3      | Found a snail-covered altar of Cheibriados.
  4590 | D:4      | Learned a level 2 spell: Blink
  4604 | D:4      | Noticed Grinder
  4747 | D:4      | HP: 1/28 [sleepcap (7)]
  4880 | D:4      | Found a staircase to the Ecumenical Temple.
  4890 | Temple   | Entered the Ecumenical Temple
  4890 | Temple   | Found a transporter.
  4890 | Temple   | Found a transporter.
  4892 | Temple   | Found a transporter.
  4892 | Temple   | Found a transporter.
  4932 | Temple   | Became a worshipper of Dithmenos the Shadowed
  5186 | D:4      | Found a basalt altar of Yredelemnul.
  5414 | D:4      | Killed Grinder
  5415 | D:4      | Reached skill level 7 in Stealth
  5415 | D:4      | Reached skill level 5 in Spellcasting
  5415 | D:4      | Reached XP level 7. HP: 15/32 MP: 12/15
  5497 | D:4      | Noticed Pikel
  5540 | D:4      | Killed Pikel
  5541 | D:4      | Reached skill level 8 in Stealth
  5541 | D:4      | Reached skill level 1 in Conjurations
  5541 | D:4      | Reached XP level 8. HP: 7/36 MP: 8/16
  5758 | D:4      | Identified the +0 chain mail of Agnosticism {+Blink rC-
                  | Dex+6}
  5851 | D:4      | Found an ornate altar of the Wu Jian Council.
  5858 | D:4      | Noticed a spectral centipede
  5858 | D:4      | Noticed a spectral black mamba
  6087 | D:4      | Found a bloodstained altar of Trog.
  6208 | D:5      | Entered Level 5 of the Dungeon
  6208 | D:5      | Noticed Sigmund
  6354 | D:5      | Found a sand-covered staircase.
  6361 | Ossuary  | Entered an ossuary
  6421 | Ossuary  | Reached * piety under Dithmenos
  6931 | D:5      | Reached skill level 9 in Stealth
  7118 | D:5      | Killed Sigmund
  7568 | D:5      | Found a white marble altar of Elyvilon.
  7867 | D:6      | Reached ** piety under Dithmenos
  8002 | D:6      | Reached XP level 9. HP: 39/39 MP: 14/17
  8028 | D:6      | Reached skill level 10 in Stealth
  8287 | D:6      | Found a hide-covered altar of Uskayaw.
  8287 | D:6      | Found a stormy altar of Qazlal.
  8319 | D:6      | Killed from afar by a steam dragon

Illustrated notes

Levels and vault maps discovered:
D:1:      giann_forest_graveyard, layout_basic, nicolae_grassy_gnolls
D:2:      layout_loops_ring
D:3:      layout_basic, slow_altar_2
D:4:      layout_loops_ring, lemuel_zombie_altar_yredelemnul,
          pdpol_wu_jian_five_deadly_venoms, kennysheep_little_box,
          minmay_temple_entry_statues_pillars, uniq_grinder, uniq_pikel
D:5:      layout_gridville, kennysheep_mini, enter_ossuary_5, uniq_sigmund
D:6:      layout_rooms, gammafunk_temple_overflow_wave
Temple:   hellmonk_temple_divided_pantheon

Skill      XL: |  1  2  3  4  5  6  7  8  9 |
---------------+----------------------------+-----
Hexes          | 4 5 6 7 8 |  8.7
Spellcasting   | 3 4 5 |  5.0
Stealth        | 5 6 7 8 9 10 | 10.3
Ice Magic      | 1 2 3 |  3.0
Conjurations   | 1 3 |  3.0
Translocations | 3 4 |  4.0
Short Blades   | 3 |  3.9
Dodging        | |  2.6

Action                     |  1- 3 |  4- 6 |  7- 9 || total
---------------------------+-------+-------+-------++-------
  Melee: Dagger            |    87 |   141 |   224 ||   452
         Punch             |       |       |     8 ||     8
   Cast: Ensorcelled Hiber |    14 |    42 |    40 ||    96
         Confusing Touch   |       |     3 |    17 ||    20
         Tukima's Dance    |       |     3 |       ||     3
         Blink             |       |       |     1 ||     1
    Use: Scroll            |       |     5 |     1 ||     6
   Stab: Sleeping          |    19 |    30 |    42 ||    91
         Confused          |       |     3 |    15 ||    18
 Armour: Robe              |    11 |    10 |    26 ||    47
  Dodge: Dodged            |    57 |   100 |   161 ||   318
